 Dungeon Crawl Stone Soup version 0.21-a0-508-gf08a75f (webtiles) character file.

819 slep the Poker (level 7, -4/54 HPs)
             Began as a Demonspawn Fighter on Nov 29, 2017.
             Slain by a sky beast (6 damage)
             ... on level 5 of the Dungeon.
             The game lasted 00:15:56 (3520 turns).

slep the Poker (Demonspawn Fighter)                 Turns: 3520, Time: 00:15:56

Health: -4/54      AC:  4    Str: 14    XL:     7   Next: 63%
Magic:  7/7        EV: 10    Int: 10    God:
Gold:   141        SH:  9    Dex: 16    Spells: 6/6 levels left

rFire    . . .     SeeInvis .   a - +0 trident
rCold    . . .     Gourm    .   c - +0 shield
rNeg     . . .     Faith    .   w - +1 leather armour {MR+}
rPois    +         Spirit   .   (helmet restricted)
rElec    .         Reflect  .   (no cloak)
rCorr    .         Harm     .   (no gloves)
MR       +....                  (no boots)
Stlth    ++........             y - amulet of rage
HPRegen  0.18/turn              (no ring)
MPRegen  0.10/turn              (no ring)

@: no status effects
A: horns 2, agile 1, poison resistance, weak 1
a: Evoke Berserk Rage


You were on level 5 of the Dungeon.
You were not hungry.

You visited 1 branch of the dungeon, and saw 5 of its levels.

You collected 141 gold pieces.

Inventory:

Hand Weapons
 a - a +0 trident (weapon)
 u - a +1 long sword of slicing
Armour
 b - a +0 scale mail
 c - a +0 shield (worn)
 w - a +1 leather armour of magic resistance (worn)
Jewellery
 y - an amulet of rage (around neck)
Wands
 o - a wand of random effects (19)
 C - a wand of disintegration (6)
Scrolls
 e - a scroll of enchant armour {unknown}
 g - 2 scrolls of immolation {unknown}
 h - a scroll of magic mapping {unknown}
 i - 2 scrolls of enchant weapon {unknown}
 j - 3 scrolls of teleportation {unknown}
 m - a scroll of blinking {unknown}
 s - a scroll of remove curse {unknown}
 x - 7 scrolls of identify {unknown}
Potions
 d - a potion of might
 k - a potion of experience {unknown}
 n - a potion of brilliance
 p - a potion of magic {unknown}
 q - a potion of resistance {unknown}
 r - a potion of heal wounds {unknown}
 t - a potion of mutation
 v - a potion of agility
 z - a potion of lignification
 A - a potion of degeneration {unknown}
Comestibles
 f - 4 bread rations
 l - 3 meat rations
 B - a royal jelly


   Skills:
 + Level 4.2 Fighting
 + Level 5.0 Polearms
 + Level 3.8 Armour
 + Level 1.9 Dodging
 + Level 1.3 Stealth
 + Level 4.6 Shields
 + Level 1.2 Evocations


You had 6 spell levels left.
You didn't know any spells.

Dungeon Overview and Level Annotations

Branches:
Dungeon (5/15)
 Temple: D:4-7

Altars:
Elyvilon
Fedhas
Hepliaklqana
Kikubaaqudgha
Nemelex Xobeh
Vehumet


Innate Abilities, Weirdness & Mutations

You have a pair of horns on your head.
You are agile. (Dex +2)
Your system is resistant to poisons. (rPois)
You are weak. (Str -2)


Message History

You barely miss something. You block something's attack.
You miss something. Something hits you. Something shocks you.
You hit something. You headbutt something.
Something hits you but does no damage.
You miss something. Something hits you but does no damage.
You hit something. You headbutt something!
Something hits you but does no damage.
You closely miss something. Something hits you. Something shocks you.
* * * LOW HITPOINT WARNING * * *
Your shield prevents you from hitting something.
Something hits you.
* * * LOW HITPOINT WARNING * * *
Something shocks you.
* * * LOW HITPOINT WARNING * * *
A sky beast appears from thin air!
Reactivating autopickup.
The sky beast hits you.
* * * LOW HITPOINT WARNING * * *
The sky beast shocks you.
You die...

....###...###
####...##5##..####
#......#55.#..##.#
#.##...#.∩$#..#.#.
#.##...#($.#.....#
#####.##.>.##[##.##...
.....# #...###..###.#
##.###..###............#
......Y@................
.#.###.#.##.......#....#
...#.##.......#.#.##
###.....>..........#
#.#.##.####......#
.......# ###...###
.#......# #.....)
#.#......######...###
#......#........#


You could see a sky beast.

Vanquished Creatures
  A phantom (D:2)
  2 ogres (D:4)
  2 centaurs (D:5)
  The ghost of slep the Skirmisher, a weakling DsFi (D:3)
  Jessica (D:2)
  An iguana (D:5)
  A bullfrog skeleton (D:4)
  Ijyb (D:5)
  2 worker ants (D:4)
  3 gnolls (D:4)
  8 adders
  A shadow imp (D:5)
  2 oozes
  An adder zombie (D:5)
  2 worms
  6 leopard geckos
  7 orcs (D:3)
  2 ball pythons
  8 giant cockroaches
  10 goblins
  3 hobgoblins
  4 jackals (D:2)
  6 kobolds
  A quokka (D:2)
  8 bats
  6 frilled lizards
  7 rats
  A plant (D:1)
98 creatures vanquished.

Notes
Turn   | Place    | Note
-------+----------+-------------------------------------------
     0 | D:1      | slep the Demonspawn Fighter began the quest for the Orb.
     0 | D:1      | Reached XP level 1. HP: 18/18 MP: 1/1
    43 | D:1      | Reached skill level 2 in Polearms
    77 | D:1      | Gained mutation: You have a pair of small horns on your head. [demonic ancestry]
    77 | D:1      | Reached XP level 2. HP: 22/24 MP: 2/2
   314 | D:1      | Gained mutation: You have a pair of horns on your head. [demonic ancestry]
   314 | D:1      | Reached XP level 3. HP: 27/29 MP: 3/3
   909 | D:2      | Noticed Jessica
   912 | D:2      | Killed Jessica
   912 | D:2      | Reached XP level 4. HP: 27/35 MP: 4/4
  1170 | D:2      | Noticed a phantom
  1404 | D:3      | Found a blossoming altar of Fedhas.
  1416 | D:3      | Reached skill level 3 in Polearms
  1555 | D:3      | Noticed slep's ghost (weakling DsFi)
  1631 | D:2      | Killed a phantom
  1631 | D:2      | Reached XP level 5. HP: 37/42 MP: 5/5
  1834 | D:2      | Found a hazy altar of Hepliaklqana.
  2126 | D:3      | Killed slep's ghost
  2126 | D:3      | Reached XP level 6. HP: 5/48 MP: 6/6
  2473 | D:4      | Reached skill level 4 in Polearms
  2473 | D:4      | Reached skill level 1 in Dodging
  2614 | D:4      | Reached XP level 7. HP: 50/54 MP: 7/7
  2911 | D:4      | Found a sparkling altar of Nemelex Xobeh.
  2992 | D:4      | Found an ancient bone altar of Kikubaaqudgha.
  2995 | D:4      | Found a radiant altar of Vehumet.
  2998 | D:4      | Found a white marble altar of Elyvilon.
  3168 | D:5      | Entered Level 5 of the Dungeon
  3178 | D:5      | Noticed Ijyb
  3198 | D:5      | Killed Ijyb
  3215 | D:5      | HP: 2/54 [iguana (8)]
  3217 | D:5      | Gained mutation: You are weak. (Str -2) [potion of mutation]
  3217 | D:5      | Gained mutation: Your system is resistant to poisons. (rPois) [potion of mutation]
  3217 | D:5      | Gained mutation: You are agile. (Dex +2) [potion of mutation]
  3220 | D:5      | HP: 4/81 [iguana (5)]
  3229 | D:5      | Reached skill level 1 in Stealth
  3245 | D:5      | Reached skill level 1 in Evocations
  3324 | D:5      | Found an ancient bone altar of Kikubaaqudgha.
  3438 | D:5      | Reached skill level 5 in Polearms
  3520 | D:5      | HP: 2/54 [sky beast (1)]
  3520 | D:5      | Slain by a sky beast

Vault maps used:
D:1:      tarquinn_simple_flora_water_f
D:2:      old_standard_altar, first_bread, roderic_lattice_a, uniq_jessica
D:3:      fedhas_altar_1
D:4:      lemuel_doored_altar, grunt_temple_overflow_diamond,
          minmay_misc_feat_columns
D:5:      cheibrodos_quashed, portal_sewer_entry_f, basic_altar, minmay_holes,
          uniq_eustachio, uniq_ijyb

Skill      XL: |  1  2  3  4  5  6  7 |
---------------+----------------------+-----
Polearms       | 2 3 4 5 |  5.0
Armour         | 3 |  3.8
Shields        | 3 4 |  4.6
Dodging        | 1 |  1.9
Fighting       | 4 |  4.2
Stealth        | 1 |  1.3
Evocations     | 1 |  1.2

Action                   |  1- 3 |  4- 6 |  7- 9 || total
-------------------------+-------+-------+-------++-------
Melee: Trident           |   129 |   172 |    75 ||   376
       Headbutt          |    22 |    27 |    12 ||    61
Evoke: Wand              |       |     6 |     6 ||    12
  Use: Potion            |       |     1 |     5 ||     6
 Stab: Confused          |       |     1 |       ||     1
       Sleeping          |       |       |     1 ||     1
  Eat: Chunk             |       |     6 |     3 ||     9
Armor: Scale mail        |    40 |    57 |       ||    97
       Leather armour    |       |     3 |    11 ||    14
       Skin              |       |       |    17 ||    17
Dodge: Dodged            |    26 |    54 |    23 ||   103
Block: Shield            |    47 |    80 |    37 ||   164

Table legend:
 A = Spawn XP
 B = Non-spawn XP
 C = Spawn XP percentage of total XP
 D = Spawn monster count
 E = Non-spawn monster count
 F = Spawn count percentage of total count
 G = Total turns spent on level
                    A         B        C        D         E        F      G
               +---------+---------+-------+---------+---------+-------+---------
         Total |       0 |    1171 |   0.0 |       0 |      97 |   0.0 |  3520
               +---------+---------+-------+---------+---------+-------+---------
           D:1 |       0 |      52 |   0.0 |       0 |      26 |   0.0 |   732
           D:2 |       0 |     235 |   0.0 |       0 |      23 |   0.0 |   942
           D:3 |       0 |     137 |   0.0 |       0 |      26 |   0.0 |   754
           D:4 |       0 |     411 |   0.0 |       0 |      13 |   0.0 |   740
           D:5 |       0 |     336 |   0.0 |       0 |       9 |   0.0 |   352
               +---------+---------+-------+---------+---------+-------+---------
